 Dungeon Crawl Stone Soup version 0.32-a0-42-ga30500b4d3 (webtiles) character file.

Game seed: 15523272899915361349

19275 pokeman the Eclecticist (level 12, 0/69 HPs)
             Began as a Deep Elf Hedge Wizard on Jan 27, 2024.
             Was a High Priest of Vehumet.
             Slain by a white ugly thing (11 damage)
             ... on level 11 of the Dungeon.
             The game lasted 00:41:39 (14244 turns).

pokeman the Eclecticist (Deep Elf Hedge Wizard)    Turns: 14244, Time: 00:41:40

Health: 0/69       AC: 10    Str:  7    XL:     12   Next: 35%
Magic:  14/34      EV: 12    Int: 25    God:    Vehumet [*****.]
Gold:   641        SH:  0    Dex: 17    Spells: 28/44 levels left

rFire   . . .        J - +1 short sword (venom)
rCold   . . .        (no shield)
rNeg    . . .        p - +1 leather armour "Buwniptu" {Dex+3}
rPois   .            O - +1 helmet
rElec   .            N - +1 cloak
rCorr   +            m - +0 pair of gloves
SInv    .            (no boots)
Will    +....        o - amulet of the acrobat
Stlth   +            v - ring of resist corrosion
HPRegen 0.31/turn    B - ring of flight
MPRegen 0.24/turn

%: acrobat
@: confused, on blink cooldown, flying
A: no striking features
a: Renounce Religion


You were on level 11 of the Dungeon.
You worshipped Vehumet.
Vehumet was extremely pleased with you.
You visited 2 branches of the dungeon, and saw 12 of its levels.
You also visited: Sewer and Bailey.

You collected 823 gold pieces.
You spent 182 gold pieces at shops.

Inventory:

Hand Weapons
 s - a -1 demon whip of venom
 J - a +1 short sword of venom (weapon)
 M - a +4 quarterstaff of chaos
Armour
 f - a +0 kite shield
 m - a +0 pair of gloves (worn)
 p - the +1 leather armour "Buwniptu" (worn) {Dex+3}
   (You found it on level 3 of the Dungeon)

   Dex+3:     It affects your dexterity (+3).
 A - a +2 scale mail of fire resistance
 N - a +1 cloak (worn)
 O - a +1 helmet (worn)
 X - an orb of light
Magical Staves
 g - a staff of air
 x - a staff of death
Jewellery
 o - an amulet of the acrobat (around neck)
 v - a ring of resist corrosion (left hand)
 B - a ring of flight (right hand)
 Q - an amulet of magic regeneration
 V - an amulet of guardian spirit
Wands
 n - a wand of charming (22)
 r - a wand of flame (22)
 t - a wand of acid (6)
 y - a wand of roots (39)
 F - a wand of mindburst (9)
Scrolls
 a - 3 scrolls of acquirement
 c - a scroll of silence
 h - 2 scrolls of enchant armour
 k - 2 scrolls of blinking
 u - 5 scrolls of teleportation
 z - 4 scrolls of vulnerability {unknown}
 C - 2 scrolls of fear {unknown}
 E - a scroll of noise {unknown}
 I - 2 scrolls of poison {unknown}
 L - a scroll of fog {unknown}
 R - 5 scrolls of revelation
 S - a scroll of torment {unknown}
 W - a scroll of brand weapon {unknown}
Potions
 b - 8 potions of invisibility
 d - 6 potions of magic
 e - 2 potions of attraction
 i - 3 potions of might
 j - 7 potions of heal wounds
 l - 6 potions of mutation
 q - a potion of ambrosia
 w - 2 potions of degeneration {unknown}
 D - a potion of resistance {unknown}
 G - 5 potions of cancellation {unknown}
 H - 8 potions of curing
 K - a potion of brilliance {unknown}
 P - a potion of haste {unknown}
 T - a potion of berserk rage {unknown}
Miscellaneous
 U - a box of beasts


   Skills:
 + Level 5.8 Fighting
 - Level 4.1 Armour
 - Level 3.0 Dodging
 - Level 3.0 Stealth
 * Level 16.6 Spellcasting
 + Level 10.9 Conjurations
 + Level 4.0 Summonings
 + Level 10.0 Necromancy
 - Level 1.1 Translocations
 - Level 1.1 Air Magic
 - Level 1.0 Alchemy
 - Level 1.0 Evocations


You had 28 spell levels left.
You knew the following spells:

 Your Spells              Type           Power      Damage    Failure   Level
a - Magic Dart            Conj           100%       1d8       1%          1
b - Mephitic Cloud        Conj/Alch/Air  42%        N/A       1%          3
c - Call Imp              Summ           82%        N/A       1%          2
d - Blink                 Tloc           52%        N/A       3%          2
e - Dispel Undead         Necr           63%        3d22      1%          4
f - Olgreb's Toxic Radia  Alch           26%        N/A       7%          4

Your spell library contained the following spells:

 Spells                   Type           Power      Damage    Failure   Level
 Arcjolt                  Conj/Air       25%        1d35      2%          5
 Kiss of Death            Conj/Necr      100%       2d13      1%          1
 Cigotuvi's Dreadful Rot  Necr/Alch/Air  82%        N/A       1%          2
 Hailstorm                Conj/Ice       48%        3d10      1%          3
 Slow                     Hex            80%        N/A       3%          1
 Summon Ice Beast         Ice/Summ       31%        N/A       4%          3
 Confusing Touch          Hex            20%        N/A       11%         3
 Summon Mana Viper        Hex/Summ       31%        N/A       41%         5
 Haunt                    Necr/Summ      27%        N/A       86%         7
 Borgnjor's Revivificati  Necr           31%        N/A       98%         8
 Sculpt Simulacrum        Ice/Alch       11%        N/A       99%         6
 Monstrous Menagerie      Summ           20%        N/A       99%         7
 Death's Door             Necr           31%        N/A       100%        9


Dungeon Overview and Level Annotations

Branches:
Dungeon (11/15)            Temple (1/1) D:4            Lair (0/5) D:10
    Orc (0/2) D:10          Sewer (visited)          Bailey (visited)

Altars:
Ashenzari
Cheibriados
Dithmenos
Elyvilon
Fedhas
Gozag
Hepliaklqana
Kikubaaqudgha
Makhleb
Nemelex Xobeh
Okawaru
Qazlal
Ru
Sif Muna
Trog
Uskayaw
Vehumet
Wu Jian
Xom
Yredelemnul
Zin
The Shining One

Shops:
D:5 !   D:7 [(=

Portals:
Abyss: D:6

Annotations:
D:6 2 transporters, lucidstorm14's ghost, novice MiFi


Message History

The white ugly thing is engulfed in noxious fumes.
Unknown command.
Unknown command.
Your toxic aura wanes.
The white ugly thing is engulfed in noxious fumes.
Casting: Olgreb's Toxic Radiance (dangerous; 7% risk of failure)
Confirm with . or Enter, or press ? or * to list all spells.
Aiming: Mephitic Cloud (safe; 1% risk of failure)
Press: ? - help, Shift-Dir - straight line, f - white ugly thing
Aim: a white ugly thing (heavily wounded, very poisoned, ally target, chance to affect: 43%)
The ball explodes into a vile cloud!
The stinking cloud engulfs the white ugly thing.
The white ugly thing is heavily wounded.
The white ugly thing is engulfed in noxious fumes.
Unknown command.
Casting: Mephitic Cloud (safe; 1% risk of failure)
Confirm with . or Enter, or press ? or * to list all spells.
You blink.
You are engulfed in noxious fumes.
You choke on the stench!
You are confused.
The white ugly thing is engulfed in noxious fumes.
The white ugly thing appears confused.
The white ugly thing closely misses you.
Your cerulean imp hits the white ugly thing from afar with a +0 spear.
Okay, then.
Unknown command.
Unknown command.
You bump into the stone wall.
You are engulfed in noxious fumes.
You choke on the stench!
You are more confused.
The white ugly thing is engulfed in noxious fumes.
The white ugly thing barely misses you.
Your cerulean imp hits the white ugly thing from afar with a +0 spear.
Unknown command.
Unknown command.
You're too confused to move!
You are engulfed in noxious fumes.
You choke on the stench!
You are more confused.
The white ugly thing is engulfed in noxious fumes.
The white ugly thing kicks you!
You die...

.##..........###)####.#.
####........## ##.## #.#
..##.......## #.#.####.
..........## #.#.#.####
#.........# #.#.#[#..#
#..#..#...# #.#.#(#(.#
..##.###..# #.#§#)#.##
...#.###..# #.#5#.#.# .....##...#
#.#@#.#.# .....###..##
#.#u##[#########
...........###.#.#### #..⌠..#
.....##.....###.## ###...###
..[.###......###.#####.##.##.####
...>###......#.....#.##.#.#.##.#.
.............#.....#..##.⌠.##..#.
.............#.#.#..⌠...⌠)⌠...⌠..
.............##.#.##..##)⌠.##..#.


You could see a white ugly thing (confused, very poisoned, ally target) and a
friendly cerulean imp (summoned).

Vanquished Creatures
  Erolcha (D:11)
  Erica (D:9)
  5 two-headed ogres
  Amaemon (D:9)
  Pikel (D:7)
  A manticore (D:11)
  3 cyclopes (D:11)
  An orange demon (D:9)
  A gargoyle (D:11)
  4 unseen horrors
  Psyche (D:9)
  2 komodo dragons (D:11)
  A yaktaur (D:11)
  5 trolls (D:11)
  2 hornets
  Sigmund (D:2)
  A vampire (D:11)
  4 shadows
  A wyvern (D:11)
  2 wraiths (D:11)
  13 yaks (D:11)
  Grum (D:8)
  A vampire mosquito (D:11)
  An acid dragon (D:11)
  2 water moccasins (D:7)
  4 orc warriors
  A black bear (D:5)
  6 centaurs
  2 ogres
  3 wolves (D:8)
  3 lemures (D:7)
  4 kobold brigands
  5 gnoll sergeants
  2 bullfrogs (D:7)
  A necrophage (D:5)
  3 scorpions
  A water moccasin zombie (D:5)
  9 wights
  A killer bee (D:11)
  2 howler monkeys
  A bullfrog zombie (D:5)
  A centaur zombie (D:5)
  Crazy Yiuf (D:7)
  A bombardier beetle (D:4)
  3 hounds
  3 orc priests
  2 gnoll boudas
  Natasha (thrice) (D:3)
  3 iguanas
  3 sleepcaps
  A hell rat (Sewer)
  10 orc wizards
  Robin (D:3)
  39 gnolls
  14 adders
  A river rat (Sewer)
  A white imp (D:5)
  4 dart slugs
  A ribbon worm (D:3)
  36 orcs
  14 ball pythons
  4 bats
  6 endoplasms
  5 giant cockroaches
  21 goblins
  13 hobgoblins
  3 jackals (D:1)
  2 quokkas
  5 frilled lizards
  22 kobolds
  8 rats
336 creatures vanquished.

Vanquished Creatures (collateral kills)
  A sky beast (D:6)
  2 necrophages (D:5)
  A scorpion zombie (D:5)
  A howler monkey zombie (D:5)
  A ribbon worm (D:2)
  An orc (D:7)
7 creatures vanquished.

Grand Total: 343 creatures vanquished

Notes
Turn   | Place    | Note
-------+----------+-------------------------------------------
     0 | D:1      | pokeman the Deep Elf Hedge Wizard began the quest for the
                  | Orb.
     0 | D:1      | Reached XP level 1. HP: 10/10 MP: 7/7
   234 | D:1      | Reached XP level 2. HP: 15/15 MP: 7/9
   643 | D:1      | Reached skill level 5 in Spellcasting
   828 | D:1      | Reached XP level 3. HP: 20/20 MP: 3/11
   832 | D:1      | Learned a level 3 spell: Mephitic Cloud
   835 | D:1      | Learned a level 2 spell: Call Imp
   838 | D:1      | Learned a level 2 spell: Blink
  1377 | D:2      | Reached skill level 1 in Fighting
  1586 | D:2      | Reached skill level 1 in Armour
  1666 | D:2      | Noticed Sigmund
  1682 | D:2      | Killed Sigmund
  1683 | D:2      | Reached skill level 5 in Conjurations
  1683 | D:2      | Reached XP level 4. HP: 25/25 MP: 7/13
  1683 | D:2      | Reached XP level 5. HP: 29/29 MP: 7/14
  2773 | D:3      | Identified the +1 leather armour "Buwniptu" {Dex+3}
  2811 | D:3      | Noticed Natasha
  2815 | D:3      | Killed Natasha
  2816 | D:3      | Reached XP level 6. HP: 34/34 MP: 11/16
  3020 | D:3      | Noticed Natasha
  3036 | D:3      | Killed Natasha
  3221 | D:3      | Found a snail-covered altar of Cheibriados.
  3300 | D:3      | Found a stormy altar of Qazlal.
  3343 | D:3      | Noticed Natasha
  3348 | D:3      | Killed Natasha
  3349 | D:3      | Reached skill level 6 in Spellcasting
  3402 | D:3      | Noticed Robin
  3418 | D:3      | Killed Robin
  3996 | D:4      | Found a staircase to the Ecumenical Temple.
  4009 | Temple   | Entered the Ecumenical Temple
  4016 | Temple   | Became a worshipper of Vehumet
  4164 | D:4      | Reached skill level 1 in Alchemy
  4164 | D:4      | Reached skill level 1 in Evocations
  4186 | D:4      | Reached skill level 1 in Air Magic
  4192 | D:4      | Reached XP level 7. HP: 27/38 MP: 3/18
  4730 | D:4      | Reached skill level 7 in Spellcasting
  4951 | D:4      | Reached * piety under Vehumet
  4951 | D:4      | Offered knowledge of Sandblast by Vehumet.
  5076 | D:5      | Entered Level 5 of the Dungeon
  5145 | D:5      | Reached skill level 1 in Necromancy
  5303 | D:5      | Found an opulent altar of Gozag.
  5453 | D:5      | Found a glowing drain.
  5458 | Sewer    | Entered a sewer
  5680 | D:5      | Reached skill level 8 in Spellcasting
  5692 | D:5      | Reached XP level 8. HP: 9/44 MP: 16/22
  5870 | D:5      | Found Qevesir's Distillery.
  5880 | D:5      | Bought a potion of curing for 39 gold pieces
  5880 | D:5      | Bought a potion of curing for 39 gold pieces
  5880 | D:5      | Bought a potion of magic for 104 gold pieces
  6097 | D:5      | Found a blossoming altar of Fedhas.
  6241 | D:5      | Offered knowledge of Searing Ray by Vehumet.
  6258 | D:5      | Reached ** piety under Vehumet
  6284 | D:5      | Reached skill level 9 in Spellcasting
  6552 | D:6      | Found a transporter.
  6643 | D:6      | Found a one-way gate to the infinite horrors of the Abyss.
  6643 | D:6      | Noticed lucidstorm14's ghost (novice MiFi)
  6673 | D:6      | Noticed a white ugly thing
  6812 | D:6      | Found a transporter.
  7331 | D:7      | Found Xaeticwu's Armour Emporium.
  7331 | D:7      | Found Anegibuxt's Antique Weapon Emporium.
  7331 | D:7      | Found Juticili's Jewellery Emporium.
  7338 | D:7      | Reached skill level 10 in Spellcasting
  7424 | D:7      | Reached XP level 9. HP: 48/50 MP: 16/25
  7808 | D:7      | Offered knowledge of Frozen Ramparts by Vehumet.
  7927 | D:7      | Found a basalt altar of Yredelemnul.
  7942 | D:7      | Reached skill level 5 in Necromancy
  8102 | D:7      | Found a runed translucent door.
  8103 | D:7      | Noticed Crazy Yiuf
  8322 | D:7      | Reached *** piety under Vehumet
  8334 | D:7      | Reached skill level 11 in Spellcasting
  8483 | D:7      | Learned a level 4 spell: Dispel Undead
  8539 | D:7      | Noticed Pikel
  8558 | D:7      | Killed Pikel
  8800 | D:7      | Killed Crazy Yiuf
  8951 | D:8      | Noticed Grum
  8991 | D:8      | Killed Grum
  8992 | D:8      | Reached skill level 12 in Spellcasting
  9208 | D:8      | Offered knowledge of Olgreb's Toxic Radiance by Vehumet.
  9259 | D:8      | Learned a level 4 spell: Olgreb's Toxic Radiance
  9393 | D:8      | Reached XP level 10. HP: 56/56 MP: 23/28
  9530 | D:8      | Found a hide-covered altar of Uskayaw.
  9530 | D:8      | Found a burning altar of Makhleb.
  9530 | D:8      | Noticed a two-headed ogre
  9544 | D:8      | Killed a two-headed ogre
  9696 | D:8      | You are sucked into a shaft and drop 2 floors!
  9696 | D:10     | Entered Level 10 of the Dungeon
  9698 | D:10     | Noticed a two-headed ogre
  9713 | D:9      | Noticed Erica
  9730 | D:9      | Killed Erica
  9731 | D:9      | Reached skill level 13 in Spellcasting
  9799 | D:10     | Killed a two-headed ogre
  9810 | D:9      | Noticed Amaemon
  9810 | D:9      | Noticed an orange demon
  9815 | D:9      | Reached **** piety under Vehumet
  9818 | D:9      | Offered knowledge of Fulminant Prism by Vehumet.
  9828 | D:9      | Killed an orange demon
  9833 | D:9      | Killed Amaemon
  9834 | D:9      | Reached skill level 14 in Spellcasting
  9949 | D:9      | Found a flagged portal.
 10008 | Bailey   | Entered a bailey
 10419 | D:9      | Noticed Psyche
 10488 | D:8      | Found a hazy altar of Hepliaklqana.
 10555 | D:9      | Killed Psyche
 10556 | D:9      | Reached XP level 11. HP: 58/61 MP: 21/31
 10781 | D:9      | Found a shimmering blue altar of Sif Muna.
 10898 | D:9      | Found a glowing silver altar of Zin.
 10898 | D:9      | Noticed an angel
 10942 | D:10     | Reached ***** piety under Vehumet
 10942 | D:10     | Offered knowledge of Arcjolt by Vehumet.
 11056 | D:10     | Found a sparkling altar of Nemelex Xobeh.
 11097 | D:10     | Found a shadowy altar of Dithmenos.
 11344 | D:10     | Found a staircase to the Orcish Mines.
 11411 | D:10     | Found an iron altar of Okawaru.
 11501 | D:10     | Found a staircase to the Lair.
 12291 | D:11     | Noticed a two-headed ogre
 12308 | D:11     | Killed a two-headed ogre
 12309 | D:11     | Reached skill level 10 in Conjurations
 12310 | D:11     | Reached skill level 15 in Spellcasting
 12729 | D:11     | Noticed Erolcha
 12749 | D:11     | Killed Erolcha
 12750 | D:11     | Reached skill level 5 in Fighting
 13159 | D:11     | HP: 2/64 [yak (6)]
 13433 | D:11     | Reached skill level 16 in Spellcasting
 13433 | D:11     | Reached XP level 12. HP: 34/68 MP: 24/34
 13595 | D:11     | Noticed a two-headed ogre
 13612 | D:11     | Killed a two-headed ogre
 13628 | D:11     | Noticed a two-headed ogre
 13635 | D:11     | Killed a two-headed ogre
 13739 | D:11     | Noticed a four-headed hydra
 13914 | D:11     | Identified 3 scrolls of acquirement
 14143 | D:11     | Reached skill level 10 in Necromancy
 14244 | D:11     | Slain by a white ugly thing

Illustrated notes

Levels and vault maps discovered:
D:1:      roderic_chinese_lattice_arrival, layout_loops_ring
D:2:      minmay_general_purpose_star, layout_loops_corners, uniq_sigmund
D:3:      layout_loops_cross, mainiacjoe_overflow_alcove_2,
          cheibrodos_worm_habitat, minmay_circle_x, uniq_natasha, uniq_robin
D:4:      layout_basic, temple_fountains, guppyfry_early_lair_pool
D:5:      layout_loops_ring, fedhas_altar_decomposition,
          nicolae_gozag_cash_rules_everything_around_me, portal_sewer_entry_e,
          serial_shops, nicolae_shop_pleasant_corner_grove,
          kennysheep_generic_room_14
D:6:      layout_basic, gammafunk_ghost_abyssal_escape
D:7:      layout_loops_ring, yredelemnul_altar_generic,
          nicolae_shop_distant_corner_stores, uniq_crazy_yiuf_cottage,
          uniq_pikel
D:8:      layout_rooms, nicolae_hepliaklqana_hazy_memory,
          gammafunk_temple_overflow_elements, uniq_grum
D:9:      layout_basic, zin_angel, led_sif_pool, enter_bailey_3, uniq_psyche,
          uniq_erica, uniq_amaemon
D:10:     layout_basic, mainiacjoe_overflow_cross_hatched,
          nemelex_diamond_rough_becter, kennysheep_okawaru_gauntlet,
          lair_entry_dummy, orc_0_dummy, minmay_misc_feat_pillars
D:11:     minmay_the_grid_octo_tiled_squarecenter [minmay_the_grid_octo_toaster,
          minmay_the_grid_octo_concentric, minmay_the_grid_octo_focus,
          minmay_the_grid_octo_clover_2,
          minmay_the_grid_square_5x5_megaprize_crossed,
          minmay_the_grid_square_5x5_doubleslash,
          minmay_the_grid_square_5x5_beaten_path,
          minmay_the_grid_square_5x5_half_checkered,
          minmay_the_grid_square_5x5_checkered_sparse], layout_cave_pools,
          uniq_erolcha
Temple:   nicolae_temple_cloud_nine

Skill      XL: |  1  2  3  4  5  6  7  8  9 10 11 12 |
---------------+-------------------------------------+-----
Spellcasting   | 5 6 8 10 12 14 16 | 16.6
Fighting       | 1 2 3 4 5 |  5.8
Conjurations   | 5 6 7 8 9 10 | 10.9
Armour         | 1 3 4 |  4.1
Stealth        | 3 |  3.0
Dodging        | 3 |  3.0
Alchemy        | 1 |  1.0
Evocations     | 1 |  1.0
Air Magic      | 1 |  1.1
Necromancy     | 2 4 6 8 9 10 | 10.0
Summonings     | 3 4 |  4.0
Translocations | |  1.1

Action                     |  1- 3 |  4- 6 |  7- 9 | 10-12 || total
---------------------------+-------+-------+-------+-------++-------
  Melee: Dagger            |    24 |    23 |   119 |       ||   166
         Punch             |     1 |     2 |     8 |     4 ||    15
         Short sword       |       |       |   143 |   220 ||   363
   Cast: Magic Dart        |    85 |   128 |   270 |    82 ||   565
         Mephitic Cloud    |     3 |     4 |    35 |    58 ||   100
         Call Imp          |     1 |       |    13 |     9 ||    23
         Blink             |       |       |     2 |     9 ||    11
         Olgreb's Toxic Ra |       |       |     1 |    49 ||    50
         Dispel Undead     |       |       |       |    14 ||    14
  Evoke: Wand              |       |       |       |    11 ||    11
    Use: Scroll            |       |       |     1 |    11 ||    12
   Stab: Confused          |     2 |     5 |    25 |    42 ||    74
         Sleeping          |       |       |     1 |     1 ||     2
 Armour: Robe              |    19 |     1 |       |       ||    20
         Leather armour    |       |    31 |   150 |   160 ||   341
  Dodge: Dodged            |    20 |    33 |   165 |   167 ||   385

Table legend: (Time is in decaauts)
 A = Elapsed time spent in this place.
 B = Non-inter-level travel time spent in this place.
 C = Inter-level travel time spent in this place.
 D = Time resting spent in this place.
 E = Time spent auto-exploring this place.
 F = Levels seen in this place.
 G = Mean time per level.
                   A        B        C        D        E       F      G
               +--------+--------+--------+--------+--------+-----+--------+
         Total |  14254 |  13863 |    391 |   1037 |   9802 |  14 | 1018.1 |
       Dungeon |  13723 |  13338 |    385 |   1014 |   9510 |  11 | 1247.5 |
        Temple |     14 |      8 |      6 |      0 |      0 |   1 |   14.0 |
         Sewer |    137 |    137 |      0 |      0 |     98 |   1 |  137.0 |
        Bailey |    378 |    378 |      0 |     23 |    194 |   1 |  378.0 |
               +--------+--------+--------+--------+--------+-----+--------+

Top non-repeatable levels by time:
    D:11: 2009 daAuts
     D:7: 1406 daAuts
     D:2: 1383 daAuts
    D:10: 1353 daAuts
     D:1: 1284 daAuts
     D:5: 1226 daAuts
     D:3: 1211 daAuts
     D:4: 1191 daAuts
     D:6: 1046 daAuts
     D:8: 912 daAuts
     D:9: 698 daAuts
  Bailey: 378 daAuts
   Sewer: 137 daAuts
  Temple: 14 daAuts
